[Event "Late-Titled-Tuesday-Blitz-January-16-2024"]
[Site "Chess.com"]
[Date "2024.01.16"]
[Round "7"]
[White "Cambek64"]
[Black "Rutricks"]
[Result "1-0"]
[WhiteElo "2479"]
[BlackElo "2711"]
[TimeControl "180+1"]
[EndTime "15:17:08 PST"]
[Termination "Cambek64 won on time"]

1. b3 g6 2. Bb2 Nf6 3. Bxf6 exf6 4. d4 Bg7 5. e3 h5 6. h4 c5 7. c3 O-O 8. g3 f5 9. Bg2 Nc6 10. Ne2 d6 11. Nd2 Qe7 12. O-O Bh6 13. Nf3 Bd7 14.
Nf4 Bxf4 15. exf4 Rad8 16. Re1 Qf6 17. Qd2 Bc8 18. Re3 Rfe8 19. Rae1 Rxe3 20. Rxe3 Kg7 21. d5 Nb8 22. Ng5 Bd7 23. Qe1 Kg8 24. Re7 Rf8 25.
Kh2 Bc8 26. a4 Bd7 27. a5 Bc8 28. b4 cxb4 29. cxb4 Qd4 30. Qc1 Bd7 31. Qc7 Qxb4 32.
Rxd7 Nxd7 33. Qxd7 Qc5 34. Qxb7 Qxa5 35. Bf1 Qc5 36. Kg2 a5 37. Bb5 Qc2 38. Be8 Qc5 39.
Bxf7+ Kh8 40. Bxg6 1-0

[Event "Late-Titled-Tuesday-Blitz-January-16-2024"]
[Site "Chess.com"]
[Date "2024.01.16"]
[Round "7"]
[White "xakevicius91"]
[Black "brm72"]
[Result "1-0"]
[WhiteElo "2547"]
[BlackElo "2686"]
[TimeControl "180+1"]
[EndTime "15:17:08 PST"]
[Termination "xakevicius91 won by checkmate"]

1. e4 c5 2. Nf3 Nc6 3. Bc4 e6 4. O-O d5 5. Bb5 dxe4 6. Ne5 Qd5 7. Nxc6 bxc6 8. Nc3 Qd7 9. Bc4 f5 10. Qe2 Nf6 11. Rd1 Be7 12. d3 exd3 13. Rxd3 Nd5 14. Nxd5 cxd5 15. Rxd5 exd5 16. Bb5 Kf7 17. Bxd7 Bxd7 18.
Bf4 Bf6 19. Qd2 Bc6 20. Qa5 Be7 21. Re1 Rhc8 22. h4 d4 23. Bg5 Bd6 24. Qa6 h6 25. Qc4+ Kf8 26. Qe6 hxg5 27. Qxd6+ Kg8 28. hxg5 Be4 29.
f3 Bxc2 30. Qe6+ Kh7 31. Kf2 g6 32. Rh1+ Kg7 33. Qf6+ Kg8 34. Rh8# 1-0

[Event "Late-Titled-Tuesday-Blitz-January-16-2024"]
[Site "Chess.com"]
[Date "2024.01.16"]
[Round "7"]
[White "BozeKat"]
[Black "Pachonpower"]
[Result "1/2-1/2"]
[WhiteElo "2103"]
[BlackElo "2246"]
[TimeControl "180+1"]
[EndTime "15:17:08 PST"]
[Termination "Game drawn by repetition"]

1. d4 f5 2. Bf4 e6 3. e3 Nf6 4. h3 d5 5. Nd2 Bd6 6. Bxd6 Qxd6 7. Ngf3 c6 8. Rg1 Nbd7 9. g4 fxg4 10. hxg4 e5 11.
g5 Ne4 12. Nxe4 dxe4 13. Nxe5 Nxe5 14. dxe5 Qxe5 15. Qd4 Qxd4 16. exd4 Ke7 17. O-O-O Rd8 18.
c3 Bf5 19. Re1 c5 20. dxc5 Rac8 21. Bg2 Rxc5 22. Bxe4 Kf8 23. Bxb7 Rb8 24. Be4 Be6 25. Bxh7 Bxa2 26. Bg6 Bf7 27. Bxf7 Kxf7 28. Re2 Ra5 29. Kb1 Rb6 30. f4 Rba6 31. Kc2 Rf5 32. Re4 Rb6 33.
Rge1 Rfb5 34. b4 Rb7 35. Re5 R5b6 36. f5 Rc6 37. g6+ Kf6 38. Kb3 Rbc7 39. R1e3 Rxc3+ 40. Rxc3 Rxc3+ 41. Kxc3 Kxe5 42. Kc4 Kxf5 43. Kb5 Kxg6 44.
Ka6 Kf5 45. Kxa7 g5 46. b5 g4 47. b6 g3 48. b7 g2 49. b8=Q g1=Q+ 50. Qb6 Qa1+ 51.
Kb7 Qh1+ 52. Ka6 Qa1+ 53. Kb7 Qh1+ 54. Ka6 Qa1+ 55. Kb7 1/2-1/2

[Event "Late-Titled-Tuesday-Blitz-January-16-2024"]
[Site "Chess.com"]
[Date "2024.01.16"]
[Round "7"]
[White "miraitrunks"]
[Black "jinxy2009"]
[Result "1-0"]
[WhiteElo "2095"]
[BlackElo "2232"]
[TimeControl "180+1"]
[EndTime "15:17:12 PST"]
[Termination "miraitrunks won by checkmate"]

1. d4 d5 2. c4 e6 3. Nc3 Nf6 4. cxd5 Be7 5. dxe6 Bxe6 6. e4 O-O 7. Nf3 Bb4 8. Bd3 Bg4 9. Be3 Nc6 10. e5 Nd5 11. Qc2 Bxf3 12. gxf3 Qh4 13. O-O-O Nxc3 14. bxc3 Ba3+ 15.
Kb1 b5 16. Rdg1 b4 17. Rg4 Qh5 18. c4 b3 19. axb3 Nb4 20. Qd2 Nxd3 21. Qxd3 a5 22. Rhg1 g6 23. e6 a4 24. exf7+ Rxf7 25. Rg5 Qxh2 26.
Rxg6+ Kh8 27. R6g2 Qd6 28. Bh6 axb3 29. Bg7+ Rxg7 30. Rxg7 Qh6 31. Qxb3 Bf8 32. Rg8# 1-0

[Event "Late-Titled-Tuesday-Blitz-January-16-2024"]
[Site "Chess.com"]
[Date "2024.01.16"]
[Round "7"]
[White "Hirna2005"]
[Black "vladoboch"]
[Result "1-0"]
[WhiteElo "2272"]
[BlackElo "2401"]
[TimeControl "180+1"]
[EndTime "15:17:16 PST"]
[Termination "Hirna2005 won on time"]

1. e4 e5 2. Nf3 Nc6 3. Bc4 Nf6 4. d4 Nxe4 5. dxe5 Nc5 6. O-O Be7 7. Be3 O-O 8. Nc3 d6 9. exd6 Bxd6 10. h3 h6 11. a3 Be6 12. Be2 Qe7 13. Nd4 Nxd4 14. Qxd4 Rad8 15.
Kh1 Rfe8 16. Rad1 Bf5 17. Nd5 Qe6 18. c4 Bxh3 19. Nf4 Bxf4 20. Qxf4 Bf5 21. Qxc7 Rxd1 22. Rxd1 Ne4 23. Bf3 Ng5 24. Bxg5 hxg5 25. Rd8 g4 26. Bd5 Qe1+ 27. Kh2 Kh7 28. Rxe8 Qxe8 29. Qxb7 Qe5+ 30. g3 Qe2 31. Kg2 Qd2 32. Be4 1-0

[Event "Late-Titled-Tuesday-Blitz-January-16-2024"]
[Site "Chess.com"]
[Date "2024.01.16"]
[Round "7"]
[White "Nf3c5"]
[Black "Gryffindorac8"]
[Result "1-0"]
[WhiteElo "2561"]
[BlackElo "2388"]
[TimeControl "180+1"]
[EndTime "15:17:17 PST"]
[Termination "Nf3c5 won on time"]

1. d4 Nf6 2. Nf3 e6 3. e3 d5 4. Bd3 c5 5. b3 Nc6 6. Nbd2 cxd4 7. exd4 Nb4 8. Bb5+ Bd7 9. Be2 Rc8 10. c4 Be7 11. O-O O-O 12. Bb2 dxc4 13. bxc4 b6 14. a3 Nc6 15. Re1 Na5 16. Bd3 Qc7 17. Rc1 Rfd8 18. Qe2 Bd6 19. Ne5 Be8 20. f4 Qe7 21. Ra1 Nc6 22.
Ndf3 Bb8 23. Rad1 Bd6 24. Ra1 Bb8 25. Qf2 Na5 26. d5 Bd6 27. Qh4 Bc5+ 28. Kh1 Qc7 29. Ng4 Nxg4 30. Qxh7+ Kf8 31. Qxg7+ Ke7 32. Rxe6+ Kd7 33.
Qxg4 1-0

[Event "Late-Titled-Tuesday-Blitz-January-16-2024"]
[Site "Chess.com"]
[Date "2024.01.16"]
[Round "7"]
[White "mbchess97"]
[Black "Verony64"]
[Result "0-1"]
[WhiteElo "2348"]
[BlackElo "2210"]
[TimeControl "180+1"]
[EndTime "15:17:17 PST"]
[Termination "Verony64 won by resignation"]

1. c4 e5 2. g3 d6 3. Bg2 f5 4. Nc3 Nf6 5. Nf3 c6 6. O-O Be7 7. d4 e4 8. Ne1 d5 9. cxd5 cxd5 10. f3 O-O 11. Qb3 Kh8 12. fxe4 fxe4 13. Nc2 Nc6 14. Bg5 Na5 15. Qa4 Bd7 16. Bxf6 Bxa4 17.
Bxe7 Qxe7 18. Nxa4 Nc4 19. b3 Nd6 20. Ne3 Qg5 21.
Nc2 Qd2 22. Rfc1 Rac8 23. Nc5 Qxe2 24. Ne1 Qf2+ 25. Kh1 e3 26. Ned3 Qf6 27. Bxd5 Qxd4 28. Bg2 b6 29. Ne6 Rxc1+ 30. Rxc1 Qxd3 31. Nxf8 Qd2 0-1

[Event "Late-Titled-Tuesday-Blitz-January-16-2024"]
[Site "Chess.com"]
[Date "2024.01.16"]
[Round "7"]
[White "WPWPWP-2015"]
[Black "KorolDimitriy75"]
[Result "1-0"]
[WhiteElo "2543"]
[BlackElo "2362"]
[TimeControl "180+1"]
[EndTime "15:17:18 PST"]
[Termination "WPWPWP-2015 won on time"]

1. d4 Nf6 2. c4 c5 3. dxc5 Na6 4. Nf3 Nxc5 5. Nc3 g6 6. b4 Ne6 7. e4 d6 8. Bd3 Bg7 9. Rb1 O-O 10. O-O b6 11. Re1 Ba6 12. Bb2 Rc8 13. b5 Bb7 14. Bf1 Nc5 15. Nd2 Qd7 16. h3 Rfd8 17. Kh2 h6 18. f4 Kh7 19. Qe2 Qc7 20. Kh1 e6 21. Qf2 d5 22. cxd5 exd5 23. e5 Nfe4 24. Ncxe4 Nxe4 25. Nxe4 dxe4 26. Rbc1 Qd7 27. Bc4 Bd5 28. Red1 Qe6 29. Be2 Bxa2 30. Bg4 Rxc1 31. Rxc1 Qb3 32. f5 1-0

[Event "Late-Titled-Tuesday-Blitz-January-16-2024"]
[Site "Chess.com"]
[Date "2024.01.16"]
[Round "7"]
[White "koncheto"]
[Black "Roedor"]
[Result "1-0"]
[WhiteElo "2566"]
[BlackElo "2346"]
[TimeControl "180+1"]
[EndTime "15:17:19 PST"]
[Termination "koncheto won on time"]

1. e4 e5 2. Nf3 Nc6 3. d4 exd4 4. Bc4 Bc5 5. c3 Nf6 6. e5 d5 7. Bb5 Ne4 8. cxd4 Bb6 9. O-O Bg4 10. Nc3 O-O 11.
Bxc6 bxc6 12. Be3 f6 13. exf6 Qxf6 14. Rc1 Nxc3 15. Rxc3 Rae8 16. h3 Bh5 17. Qe2 Qe6 18.
Qd1 Rxf3 19. gxf3 Qxh3 20. Bf4 Rf8 21. Bg3 Qf5 22. Qd3 Bxf3 23. Qxf5 Rxf5 24. Re1 Be4 25.
Rxc6 Rh5 26. Bh2 Rg5+ 27. Bg3 Bxd4 28. Kf1 Bd3+ 29. Kg2 Be4+ 30. Kh3 Bf3 31. Rxc7 Rh5+ 32. Bh4 1-0

[Event "Late-Titled-Tuesday-Blitz-January-16-2024"]
[Site "Chess.com"]
[Date "2024.01.16"]
[Round "7"]
[White "Arteler"]
[Black "Chempiblinka"]
[Result "1-0"]
[WhiteElo "2473"]
[BlackElo "2301"]
[TimeControl "180+1"]
[EndTime "15:17:20 PST"]
[Termination "Arteler won by checkmate"]

1. e4 c5 2. Nf3 Nc6 3. c3 Nf6 4. e5 Nd5 5. d4 cxd4 6. Bc4 Nb6 7. Bb3 d5 8. exd6 Qxd6 9. Na3 a6 10. O-O Be6 11.
Bxe6 Qxe6 12. Nxd4 Nxd4 13. Qxd4 Rd8 14. Qh4 g6 15. Bg5 Rd7 16. Rfe1 Qc6 17. Bf6 g5 18. Qxg5 h6 19. Qh4 Rg8 20. g3 Rg6 21. Bd4 Nd5 22.
b3 e6 23. Nc4 Bd6 24. Nxd6+ Rxd6 25. Be5 Rd7 26. Rad1 Ne7 27. Rxd7 Qxd7 28. Qh5 Nf5 29. Rd1 Qc6 30. Qe2 Ne7 31. c4 b5 32. Qd3 Qc8 33.
c5 Nd5 34. Bd6 Qd7 35. Qe4 Qc6 36. h4 h5 37. Qf3 Rf6 38. Qxh5 Kd7 39. Qh8 Ne3 40.
fxe3 Qf3 41. c6+ Kxc6 42. Qc8+ Kb6 43. Qc7# 1-0

[Event "Late-Titled-Tuesday-Blitz-January-16-2024"]
[Site "Chess.com"]
[Date "2024.01.16"]
[Round "7"]
[White "dasatcu90"]
[Black "sebastianmarinp"]
[Result "0-1"]
[WhiteElo "2262"]
[BlackElo "2427"]
[TimeControl "180+1"]
[EndTime "15:17:20 PST"]
[Termination "sebastianmarinp won on time"]

1. d4 d5 2. Nf3 Nf6 3. e3 Bf5 4. Bd3 Bg6 5. Ne5 Nbd7 6. Nxg6 hxg6 7. h3 e5 8. c3 e4 9. Be2 Bd6 10. c4 c6 11. Nc3 Qe7 12. Qb3 dxc4 13. Qxb7 O-O 14.
Qa6 c5 15. Qxc4 Rfc8 16. O-O Rab8 17. Nd5 Nxd5 18. Qxd5 Nb6 19. Qb3 cxd4 20. exd4 Nc4 21. Qd1 Nxb2 22. Bxb2 Rxb2 23. Rc1 Rxc1 24. Qxc1 Rxe2 25.
Qc8+ Kh7 26. a4 Qg5 27. Qc4 Qf4 28. g3 Qf3 29. Qd5 Bxg3 30. Qb5 Rxf2 0-1

[Event "Late-Titled-Tuesday-Blitz-January-16-2024"]
[Site "Chess.com"]
[Date "2024.01.16"]
[Round "7"]
[White "DenizG123"]
[Black "texie1"]
[Result "0-1"]
[WhiteElo "2126"]
[BlackElo "2520"]
[TimeControl "180+1"]
[EndTime "15:17:21 PST"]
[Termination "texie1 won by resignation"]

1. c4 Nf6 2. Nc3 e5 3. g3 c6 4. Bg2 d5 5. cxd5 cxd5 6. Nf3 Nc6 7. d4 e4 8. Ne5 Bd6 9. Nxc6 bxc6 10. O-O O-O 11. Bg5 h6 12. Bxf6 Qxf6 13. Rc1 Bd7 14. Na4 Rfc8 15. Nc5 Be8 16. e3 a5 17. Qa4 Rcb8 18.
Rc2 Bxc5 19. Rxc5 Rxb2 20. Rxa5 Rab8 21. Rc5 Bd7 22. a3 R8b6 23. Qa8+ Rb8 24. Qa7 Bg4 25. Qc7 Be2 26. Rfc1 Bd3 27. Qf4 Qxf4 28. gxf4 Bb5 29. Bh3 Ra8 30. R1c3 Ra2 31. Bd7 R8xa3 32. Rxa3 Rxa3 33.
Bxc6 Bxc6 34. Rxc6 Ra5 35. Kg2 Kf8 36. Rc7 Ra6 37.
Rd7 Ra5 38. Kg3 Ke8 39. Rb7 Ra6 40. f5 Rd6 41. Kf4 Rd7 42. Rxd7 Kxd7 43. Ke5 Kc6 44. f6 g6 45. h4 h5 46. Kf4 Kd6 47. Kg5 Ke6 48. Kf4 Kxf6 49. f3 exf3 50. Kxf3 Kf5 51.
Kf2 Ke4 52. Ke2 f6 53. Kf2 g5 54. hxg5 fxg5 55. Ke2 h4 56. Kf2 g4 0-1

[Event "Late-Titled-Tuesday-Blitz-January-16-2024"]
[Site "Chess.com"]
[Date "2024.01.16"]
[Round "7"]
[White "IgorBjelobrk"]
[Black "Actuary44"]
[Result "0-1"]
[WhiteElo "2629"]
[BlackElo "2502"]
[TimeControl "180+1"]
[EndTime "15:17:23 PST"]
[Termination "Actuary44 won by resignation"]

1. d4 Nf6 2. c4 g6 3. Nc3 Bg7 4. e4 d6 5. h3 O-O 6. Nf3 e5 7. d5 Ne8 8. g4 c5 9. Be2 Na6 10.
Be3 Nac7 11. Nd2 a6 12. a4 Rb8 13. h4 Bd7 14. a5 b5 15. axb6 Rxb6 16. b3 f5 17. exf5 gxf5 18. gxf5 Bxf5 19. h5 Kh8 20. h6 Bf6 21. Nce4 Be7 22. Bg4 Qd7 23. Bxf5 Qxf5 24. Qh5 Qxh5 25. Rxh5 Nf6 26. Nxf6 Bxf6 27. Ne4 Ne8 28.
Ra3 Be7 29. Kd2 Nf6 30. Nxf6 Bxf6 31. Kd3 Kg8 32. Ke4 Rfb8 33. Rf5 Be7 34. Ra1 Rxb3 35. Rg1+ Kh8 36. Rf7 Rxe3+ 37. fxe3 Bf8 38. Rf6 Be7 39. Re6 Bf8 40. Kf5 a5 41. Kf6 Bxh6 42. Rxd6 Bxe3 43. Ra1 Bd2 44. Rc6 e4 45. Re6 Bc3+ 46. Ke7 Bxa1 47. d6 Kg7 48. d7 a4 49. d8=Q Bf6+ 50. Rxf6 Rxd8 51. Rf7+ Kg6 52. Rf6+ Kg5 53. Ra6 Rd4 54. Rxa4 e3 0-1

[Event "Late-Titled-Tuesday-Blitz-January-16-2024"]
[Site "Chess.com"]
[Date "2024.01.16"]
[Round "7"]
[White "iulik86"]
[Black "SergioMoralesG"]
[Result "1-0"]
[WhiteElo "2605"]
[BlackElo "2465"]
[TimeControl "180+1"]
[EndTime "15:17:23 PST"]
[Termination "iulik86 won by resignation"]

1. e4 c5 2. Nf3 e6 3. g3 d5 4.
exd5 exd5 5. d4 Nc6 6. Be3 Bg4 7.
dxc5 Qa5+ 8. c3 Nf6 9. Nbd2 d4 10.
cxd4 O-O-O 11. Be2 Bxf3 12. Bxf3 Nxd4 13. O-O Nxf3+ 14.
Qxf3 Rxd2 15. Bxd2 Qxd2 16. Rad1 Qb4 17. Qf5+ Kc7 18.
Qe5+ Kc8 19. Rfe1 Bxc5 20. Rc1 b6 21. a3 Qb3 22. Re3 Nd7 23. Qf5 Qxb2 24. Rd1 Rd8 25. Red3 Qb5 26. Qxf7 Qc6 27. Qxg7 Kc7 28. Qxh7 b5 29.
Qf5 a5 30. h4 b4 31. axb4 axb4 32. h5 Kb6 33. Rxd7 Rxd7 34. Qxd7 b3 35. Qxc6+ Kxc6 36. Rb1 1-0

[Event "Late-Titled-Tuesday-Blitz-January-16-2024"]
[Site "Chess.com"]
[Date "2024.01.16"]
[Round "7"]
[White "Rikikits"]
[Black "Msb2"]
[Result "1-0"]
[WhiteElo "2846"]
[BlackElo "3019"]
[TimeControl "180+1"]
[EndTime "15:17:24 PST"]
[Termination "Rikikits won by checkmate"]

1. d4 d5 2. Nf3 e6 3. Bf4 c5 4. e3 Nc6 5. Nbd2 Bd6 6. dxc5 Bxf4 7. exf4 Qf6 8. c3 Qxf4 9. g3 Qc7 10. Bg2 Nge7 11. O-O O-O 12. b4 e5 13. Nb3 Bg4 14.
Qd2 f6 15. Ne1 Rad8 16. Nc2 Be6 17. Rfe1 h5 18. Ncd4 Nxd4 19. Nxd4 Bd7 20. Nc2 Bg4 21. Na3 a6 22. Nc2 h4 23. Ne3 Be6 24. Nc2 h3 25.
Bf3 b6 26. Nd4 Bc8 27. Nb3 Bb7 28. cxb6 Qxb6 29. Nc5 Ba8 30. Bg4 d4 31. Be6+ Kh8 32. Qe2 g6 33. Qg4 Kg7 34. Bb3 f5 35. Qg5 Rf6 36. Rxe5 Nd5 37. Rae1 Rdd6 38. Re8 Qc6 39. Qh4 Rf8 40. R1e7+ Nxe7 41. Rxe7+ Rf7 42. Rxf7+ Kg8 43.
Qh7# 1-0

[Event "Late-Titled-Tuesday-Blitz-January-16-2024"]
[Site "Chess.com"]
[Date "2024.01.16"]
[Round "7"]
[White "Zkid"]
[Black "jk13"]
[Result "1-0"]
[WhiteElo "2919"]
[BlackElo "2689"]
[TimeControl "180+1"]
[EndTime "15:17:24 PST"]
[Termination "Zkid won on time"]

1. e4 e5 2. Nf3 Nc6 3. Bc4 Bc5 4. O-O Nf6 5. d3 O-O 6. h3 d6 7. a4 h6 8. a5 a6 9. c3 Ba7 10. Re1 Be6 11. Bxe6 fxe6 12. d4 exd4 13. cxd4 e5 14. d5 Ne7 15. Be3 Bxe3 16. Rxe3 Ng6 17. Nbd2 Nf4 18.
Kh2 Qd7 19. Rc1 Rf7 20. Rb3 Rb8 21. Ng1 Nh7 22. g3 Ng6 23. Kg2 Rbf8 24. Rf3 Rxf3 25. Ngxf3 Rf7 26. Qb3 Qc8 27. Rc4 Nhf8 28. Rb4 c6 29.
Rb6 Qc7 30. Nc4 Nd7 31. Rxb7 Nc5 32. Rxc7 Nxb3 33. Rxc6 Rb7 34. Rxd6 Nf8 35. Nfxe5 Nc5 36. f3 Rb3 37. Rc6 Na4 38. Rc8 Nxb2 39. Nd6 Nd1 40.
Ng6 Rb2+ 41. Kf1 Ne3+ 42. Ke1 Rg2 43. Nxf8 Nc2+ 44. Kd1 Ne3+ 45. Kc1 1-0

[Event "Late-Titled-Tuesday-Blitz-January-16-2024"]
[Site "Chess.com"]
[Date "2024.01.16"]
[Round "7"]
[White "Arifarsky"]
[Black "Njal28"]
[Result "0-1"]
[WhiteElo "2714"]
[BlackElo "3012"]
[TimeControl "180+1"]
[EndTime "15:17:26 PST"]
[Termination "Njal28 won by resignation"]

1. e4 e5 2. Nf3 Nc6 3. Bb5 a6 4.
Ba4 d6 5. O-O Bd7 6. c3 Nge7 7.
d4 Ng6 8. Re1 Be7 9. Nbd2 O-O 10. Bb3 exd4 11. cxd4 Nb4 12. Nc4 b5 13. Ne3 c5 14. a3 Nc6 15. Nd5 Bg4 16. dxc5 dxc5 17. h3 Bxf3 18. Qxf3 Nd4 19. Qd1 Bd6 20. Ba2 Qh4 21.
Be3 Ne6 22. Qg4 Qxg4 23. hxg4 c4 24. Rad1 Be5 25. Rd2 Nef4 26. Bb1 Nxd5 27. exd5 c3 28. Rdd1 cxb2 29. d6 Rfd8 30. d7 Nf8 31. Bf5 Bc3 32. Re2 Nxd7 33. Rc2 Bf6 34. g5 Be5 35. Rcd2 Rac8 36.
Rxd7 Rxd7 37. Rxd7 Rc1+ 0-1

[Event "Late-Titled-Tuesday-Blitz-January-16-2024"]
[Site "Chess.com"]
[Date "2024.01.16"]
[Round "7"]
[White "DonJuan_34"]
[Black "bazar-wokzal"]
[Result "0-1"]
[WhiteElo "2416"]
[BlackElo "2570"]
[TimeControl "180+1"]
[EndTime "15:17:26 PST"]
[Termination "bazar-wokzal won on time"]

1. d4 Nf6 2. c4 Nc6 3. Nf3 e6 4. Nc3 Bb4 5. Bg5 h6 6. Bh4 g5 7. Bg3 d5 8. e3 Ne4 9. Rc1 h5 10. h4 g4 11. Ng1 Bxc3+ 12. bxc3 Nxg3 13. fxg3 Qd6 14. Ne2 dxc4 15. e4 b5 16. e5 Qa3 17.
Qd2 Bb7 18. Nf4 O-O-O 19. Qc2 Ne7 20. Be2 Nd5 21. Nxd5 Bxd5 22. O-O Rd7 23. Rf2 c5 24. dxc5 Qxc5 25. Rf1 Bc6 26. Kh2 Qxe5 27. Rxf7 Rhd8 28. Rf8 Qe4 29. Qxe4 Bxe4 30. Rxd8+ Kxd8 31. Rf8+ Kc7 32. Rh8 Rd2 33. Bf1 Rxa2 34. Rxh5 Bc6 35. Re5 Kd6 36. Re2 Rxe2 37. Bxe2 Ke5 38. Bxg4 a5 39. Bd1 b4 40. cxb4 axb4 41. g4 b3 42. g5 Be4 43. h5 b2 44. g6 Kf6 0-1

[Event "Late-Titled-Tuesday-Blitz-January-16-2024"]
[Site "Chess.com"]
[Date "2024.01.16"]
[Round "7"]
[White "GianmarcoVaR"]
[Black "SandwichOSaumon"]
[Result "1-0"]
[WhiteElo "2743"]
[BlackElo "2522"]
[TimeControl "180+1"]
[EndTime "15:17:28 PST"]
[Termination "GianmarcoVaR won on time"]

1. d4 Nf6 2. Nf3 c5 3. d5 b5 4.
e4 Nxe4 5. Bd3 Nf6 6. O-O c4 7. Be2 e6 8. dxe6 fxe6 9. a4 d5 10. axb5 Bd6 11. b3 cxb3 12. c4 O-O 13. Bb2 Nbd7 14.
Nbd2 Bb7 15. Nxb3 a6 16. Na5 Qc7 17. Nxb7 Qxb7 18. Bxf6 Nxf6 19. bxa6 Rxa6 20. Rxa6 Qxa6 21. cxd5 Qc8 22. dxe6 Qxe6 23. Ng5 Qe5 24. Nf3 Qc5 25. Qb1 Kh8 26. Rc1 Qa7 27. Qf5 g6 28. Qb5 Ne4 29.
Qb2+ Qg7 30. Qc2 Re8 31. Bb5 Re7 32. Qd3 h6 33. Bc6 Qf6 34. Bxe4 Kg7 35. g3 h5 36. Nh4 Qe6 37. Bxg6 Ba3 38. Qxa3 Qd6 39. Nf5+ 1-0

[Event "Late-Titled-Tuesday-Blitz-January-16-2024"]
[Site "Chess.com"]
[Date "2024.01.16"]
[Round "7"]
[White "Piotrek1979"]
[Black "TanitoluwaAps116"]
[Result "0-1"]
[WhiteElo "2429"]
[BlackElo "2727"]
[TimeControl "180+1"]
[EndTime "15:17:28 PST"]
[Termination "TanitoluwaAps116 won by resignation"]

1. d4 Nf6 2. c4 e6 3. Nf3 b6 4. g3 Ba6 5. b3 Bb4+ 6. Bd2 Be7 7. Nc3 c6 8. Bg2 d5 9. O-O Nbd7 10. cxd5 cxd5 11. a4 O-O 12. Bf4 Rc8 13.
Nb5 Ne4 14. Qd3 Rc3 15. Qb1 Ndf6 16. Ne5 g5 17. Bxg5 Bxb5 18. Bxf6 Bxf6 19. axb5 Nd6 20. Nc6 Qe8 21. e3 a5 22. Qd1 Nxb5 23. Ne5 Qe7 24. Re1 Rfc8 25. f4 Nd6 26. Qg4+ Bg7 27. Qh5 Nf5 28. Ng4 Rc2 29. Kh1 Qb4 30. e4 Qd2 31.
Rg1 dxe4 32. Rad1 Qe2 33. Rde1 Qd2 34. Rd1 Qb4 35. Bxe4 Qxb3 36. Bxf5 Qd5+ 0-1

[Event "Late-Titled-Tuesday-Blitz-January-16-2024"]
[Site "Chess.com"]
[Date "2024.01.16"]
[Round "7"]
[White "RaugintaBulba"]
[Black "StellarChess"]
[Result "1-0"]
[WhiteElo "2454"]
[BlackElo "2572"]
[TimeControl "180+1"]
[EndTime "15:17:32 PST"]
[Termination "RaugintaBulba won by resignation"]

1. d4 Nf6 2. c4 g6 3. Nc3 Bg7 4. e4 d6 5. h3 O-O 6. Be3 Nbd7 7. g4 e5 8. d5 Nc5 9. f3 a5 10. Nge2 Bd7 11. Ng3 Ne8 12. h4 c6 13. Qd2 cxd5 14.
cxd5 b5 15. Nxb5 Rb8 16. Nxd6 Nxd6 17. Bxc5 Qc7 18. Rc1 Rfc8 19. Be3 Qb7 20. Rxc8+ Bxc8 21. b3 a4 22. Bd3 axb3 23. axb3 Qxb3 24. O-O Nc4 25.
Bxc4 Qxc4 26. Rc1 Qb3 27. Qc3 Qa2 28. Qxc8+ Rxc8 29. Rxc8+ Bf8 30. Bh6 Qa1+ 31. Kh2 Qa2+ 32. Kh3 Qa3 33. Rxf8+ Qxf8 34. Bxf8 Kxf8 35. h5 Ke7 36. hxg6 hxg6 37. g5 Kd6 38. Kg4 Kc5 39. Ne2 Kd6 40. Nc3 Kc5 41. Na4+ Kb5 42. Nb2 Kc5 43.
Nd3+ Kd6 44. Nb4 Kc5 45. Nc6 Kd6 46. Nd8 Ke7 47. Nxf7 Kxf7 48. f4 exf4 49. Kxf4 Ke7 50.
e5 1-0

[Event "Late-Titled-Tuesday-Blitz-January-16-2024"]
[Site "Chess.com"]
[Date "2024.01.16"]
[Round "7"]
[White "jjbolanos"]
[Black "Balla_Tamas"]
[Result "0-1"]
[WhiteElo "2093"]
[BlackElo "2451"]
[TimeControl "180+1"]
[EndTime "15:17:32 PST"]
[Termination "Balla_Tamas won on time"]

1. e4 c5 2. c3 Nf6 3. e5 Nd5 4. d4 cxd4 5. cxd4 Nc6 6. Nf3 d6 7. Bc4 dxe5 8. Nxe5 e6 9. O-O Be7 10. Nf3 O-O 11. Nc3 Nf6 12. Re1 b6 13. a3 Bb7 14. Bd3 h6 15. Bc2 Na5 16. Qd3 Rc8 17.
Ne5 Re8 18. Ng4 Qd6 19. d5 Bxd5 20. Nxd5 Qxd5 21. Nxf6+ Bxf6 22. Qh7+ Kf8 23. Bf4 Red8 24. Rad1 Qc6 25. Be4 Rxd1 26. Rxd1 Qc4 27. Bd6+ Ke8 28.
Qh8+ Kd7 29. Be5+ Ke7 30. Bd6+ Kd7 31. Be5+ Qd5 32. Bxd5 Rxh8 0-1

[Event "Late-Titled-Tuesday-Blitz-January-16-2024"]
[Site "Chess.com"]
[Date "2024.01.16"]
[Round "7"]
[White "C_K_G"]
[Black "rikchessmx"]
[Result "1/2-1/2"]
[WhiteElo "2085"]
[BlackElo "2362"]
[TimeControl "180+1"]
[EndTime "15:17:32 PST"]
[Termination "Game drawn by repetition"]

1. e4 e5 2. Nf3 Nc6 3. Bc4 Bc5 4. c3 Qf6 5. O-O Nge7 6. d4 exd4 7. Bg5 Qg6 8. b4 Bb6 9. b5 Na5 10. Bd3 f6 11. e5 f5 12. Bxe7 Kxe7 13. cxd4 Rf8 14. Nc3 Kf7 15. Nd5 c6 16. Nf4 Qh6 17. g3 Kg8 18. Rc1 d6 19. exd6 Qxd6 20. Ne5 Bxd4 21. Nc4 Nxc4 22. Bxc4+ Kh8 23. bxc6 bxc6 24. Qh5 c5 25.
Rfe1 Bd7 26. Re2 Rae8 27. Rce1 Rxe2 28. Rxe2 Be5 29. Nd3 Bd4 30. Nf4 Bc3 31. Rc2 Bd4 32. Re2 1/2-1/2

[Event "Late-Titled-Tuesday-Blitz-January-16-2024"]
[Site "Chess.com"]
[Date "2024.01.16"]
[Round "7"]
[White "FabianoCaruana"]
[Black "krzyzan94"]
[Result "0-1"]
[WhiteElo "3007"]
[BlackElo "2838"]
[TimeControl "180+1"]
[EndTime "15:17:33 PST"]
[Termination "krzyzan94 won by resignation"]

1. c4 e5 2. Nc3 Nf6 3. e3 Bb4 4. Bd3 Bxc3 5. bxc3 O-O 6. Bc2 Re8 7. d4 d6 8. Ne2 c5 9. O-O Nc6 10. Ng3 Na5 11.
Bd3 e4 12. Be2 Be6 13. d5 Bd7 14. f4 b6 15. a4 Bc8 16. Qc2 Ba6 17. Qa2 Qd7 18.
Bd2 h5 19. h3 h4 20. Nh1 Nxd5 21. Rfd1 Ne7 22. Nf2 Qe6 23. Be1 Nf5 24. Ng4 Bxc4 25. Bxc4 Qxc4 26. Qd2 Nb3 27. Qa2 Na5 28. Qd2 Rad8 29.
Qd5 Qxd5 30. Rxd5 Ne7 31. Rg5 Kf8 32. Bxh4 f6 33. Rh5 Kf7 34. Nf2 Rh8 35. Rxh8 Rxh8 36. Bg3 d5 37. Nd1 Nc4 38. Be1 a6 39. Kf2 Nc6 40. Ke2 N6a5 41. Rb1 Rb8 42. g4 Na3 43. Rb2 N5c4 44. Rb3 b5 45. h4 Rh8 46. h5 g6 47. axb5 axb5 48. hxg6+ Kxg6 49. Nf2 Rh2 50. Kf1 Nxe3+ 51. Kg1 Rg2+ 52. Kh1 Nac2 53. f5+ Kg5 0-1

[Event "Late-Titled-Tuesday-Blitz-January-16-2024"]
[Site "Chess.com"]
[Date "2024.01.16"]
[Round "7"]
[White "IMRosen"]
[Black "JSPrepz"]
[Result "0-1"]
[WhiteElo "2678"]
[BlackElo "2877"]
[TimeControl "180+1"]
[EndTime "15:17:33 PST"]
[Termination "JSPrepz won on time"]

1. e4 e5 2. Nf3 Nc6 3. Nc3 Nf6 4.
d4 Bb4 5. Nxe5 Nxe4 6. Qf3 Nf6 7. Be3 O-O 8. a3 Bxc3+ 9. bxc3 Re8 10. Nxc6 dxc6 11.
Bd3 Bg4 12. Qg3 Bh5 13. O-O Bg6 14. Rfe1 Qd7 15. Rad1 Nd5 16. c4 Nc3 17. Ra1 Ne4 18.
Qf4 Nd6 19. c5 Nf5 20. Rad1 Ne7 21. Qg3 Bxd3 22. Rxd3 Ng6 23. Rb1 b5 24. h4 Re4 25.
h5 Rg4 26. Qh3 Nh4 27. g3 Nf3+ 28. Kg2 Qd5 29. Kf1 Re8 30. Bf4 Ng5 31. Qh2 Ne4 32. Qg2 Qxh5 33. Re1 Qg6 34. f3 Nxg3+ 35. Bxg3 Rxe1+ 36. Kxe1 Rxg3 0-1

[Event "Late-Titled-Tuesday-Blitz-January-16-2024"]
[Site "Chess.com"]
[Date "2024.01.16"]
[Round "7"]
[White "vova-79"]
[Black "tolimachess"]
[Result "0-1"]
[WhiteElo "2582"]
[BlackElo "2451"]
[TimeControl "180+1"]
[EndTime "15:17:33 PST"]
[Termination "tolimachess won on time"]

1. d4 c5 2. d5 e5 3. e4 d6 4.
Bb5+ Bd7 5. a4 Ne7 6. Nc3 Ng6 7.
Nf3 Be7 8. O-O O-O 9. Nd2 f5 10.
Bxd7 Nxd7 11. exf5 Rxf5 12. Nde4 Qf8 13. g3 Qf7 14. Be3 Rf8 15. a5 a6 16. Rb1 h5 17.
b4 c4 18. b5 h4 19. bxa6 bxa6 20. Rb7 Qe8 21. Qg4 hxg3 22. hxg3 Kh7 23. Kg2 Nh8 24.
Rh1+ Kg8 25. Qh3 Ng6 26. Qh7+ Kf7 27. Qh3 Kg8 28. Qg4 Nh8 29. Bh6 R8f7 30. Be3 Nf8 31. Rc7 Nfg6 32. Rxc4 Bd8 0-1